 Dungeon Crawl Stone Soup version 0.19-b1-4-gd8a0a2a (webtiles) character file.

73 vev the Magician (level 4, -3/21 HPs)
             Began as a Spriggan Conjurer on Oct 30, 2016.
             Slain by a sky beast (6 damage)
             ... on level 3 of the Dungeon.
             The game lasted 00:03:34 (2336 turns).

vev the Magician (Spriggan Conjurer)                Turns: 2336, Time: 00:03:35

Health: -3/21      AC:  2    Str:  4    XL:     4   Next: 8%
Magic:  3/11       EV: 18    Int: 17    God:
Gold:   77         SH:  0    Dex: 16    Spells: 2 memorised, 8 levels left

rFire  . . .     SeeInvis +     n - +0 rapier
rCold  . . .     Gourm    .     a - +0 robe
rNeg   . . .     Faith    .     (shield restricted)
rPois  .         Spirit   .     (helmet restricted)
rElec  .         Reflect  .     (no cloak)
rCorr  .         Harm     .     (gloves unavailable)
MR     .....                    (boots unavailable)
Stlth  +++.......               (no amulet)
                                (no ring)
                                (no ring)

@: very quick
A: unfitting armour, see invisible, herbivore 3, speed 3, slow metabolism 2
a: no special abilities


You were on level 3 of the Dungeon.
You were not hungry.

You visited 1 branch of the dungeon, and saw 3 of its levels.

You collected 77 gold pieces.

Inventory:

Hand Weapons
 i - a +0 short sword
 l - a +0 dagger
 n - a +0 rapier (weapon)
Armour
 a - a +0 robe (worn)
Scrolls
 d - a scroll of fog {unknown}
 e - a scroll of remove curse {unknown}
 g - 2 scrolls of identify {unknown}
 m - a scroll of enchant weapon {unknown}
Potions
 f - 2 potions of flight {unknown}
 h - a potion of haste {unknown}
 j - 3 potions of curing {unknown}
 k - a potion of berserk rage {unknown}
Books
 b - a book of Conjurations

   Spells                             Type                      Level
   a - Magic Dart                     Conjuration                  1
   b - Searing Ray                    Conjuration                  2
   c - Dazzling Spray                 Conjuration/Hexes            3
   d - Fulminant Prism                Conjuration/Hexes            4
   e - Iskenderun's Mystic Blast      Conjuration                  4
   f - Iskenderun's Battlesphere      Conjuration/Charms           5
Comestibles
 c - 2 bread rations


   Skills:
 + Level 0.2 Short Blades
 - Level 3.0 Dodging
 + Level 4.0 Stealth
 + Level 4.9 Spellcasting
 - Level 2.9 Conjurations
 + Level 0.0 Hexes


You had 8 spell levels left.
You knew the following spells:

 Your Spells              Type           Power        Failure   Level  Hunger
a - Magic Dart            Conj           ##..         4%          1    None
d - Dazzling Spray        Conj/Hex       #.....       24%         3    ###....


Dungeon Overview and Level Annotations

Branches:
Dungeon (3/15)

Altars:
Qazlal


Innate Abilities, Weirdness & Mutations

You are very small and have problems with some larger weapons.
You are too small for most types of armour.
You have supernaturally acute eyesight. (SInv)
You are a herbivore.
You cover ground extremely quickly.
You need consume almost no food.


Message History

You completely miss the sky beast.
The sky beast is heavily wounded.
The sky beast misses you.
You hit the sky beast.
The sky beast is heavily wounded.
The sky beast closely misses you. The sky beast hits you.
The sky beast shocks you.
* * * LOW HITPOINT WARNING * * *
You hit the sky beast.
The sky beast is severely wounded.
The sky beast misses you.
You miss the sky beast.
The sky beast is severely wounded.
The sky beast barely misses you.
You hit the sky beast but do no damage.
The sky beast is severely wounded.
The sky beast hits you.
* * * LOW HITPOINT WARNING * * *
The sky beast shocks you.
You die...

#............
#................#........
...........................
#.†.........(....#.........
.................#.........
#................#........
#................#........
#..............Y......#
................@.....#
............#.†.......#
............#<...#....#
............###..#....#
........Y...# #..#....#
..##....##### #..######
......... .... ..######.
###... .. . .....


You could see a sky beast (invisible).

Vanquished Creatures
  An adder (D:2)
  A worm (D:2)
  2 dart slugs
  A leopard gecko (D:3)
  A ball python (D:3)
  5 bats
  5 giant cockroaches
  4 goblins
  7 hobgoblins
  4 jackals (D:1)
  7 kobolds
  4 quokkas
  6 frilled lizards
  4 rats
52 creatures vanquished.

Notes
Turn   | Place    | Note
-------+----------+-------------------------------------------
     0 | D:1      | vev the Spriggan Conjurer began the quest for the Orb.
     0 | D:1      | Reached XP level 1. HP: 9/9 MP: 5/5
   120 | D:1      | Reached skill level 3 in Spellcasting
   441 | D:1      | Reached XP level 2. HP: 13/13 MP: 3/7
   804 | D:1      | Reached skill level 4 in Spellcasting
  1116 | D:2      | Reached XP level 3. HP: 16/16 MP: 0/9
  1214 | D:2      | Found a stormy altar of Qazlal.
  2254 | D:3      | Reached XP level 4. HP: 13/21 MP: 11/11
  2265 | D:3      | Reached skill level 4 in Stealth
  2270 | D:3      | Learned a level 3 spell: Dazzling Spray
  2295 | D:3      | Noticed a sky beast
  2336 | D:3      | Slain by a sky beast

Skill      XL: |  1  2  3  4 |
---------------+-------------+-----
Spellcasting   | 3 4 |  4.9
Stealth        | 4 |  4.0
Short Blades   | |  0.2
Dodging        | |  3.0
Conjurations   | |  2.9

Action                   |  1- 3 |  4- 6 || total
-------------------------+-------+-------++-------
Melee: Unarmed           |    24 |       ||    24
       Dagger            |    66 |       ||    66
       Short sword       |     5 |       ||     5
       Rapier            |     4 |    19 ||    23
 Cast: Magic Dart        |   101 |     8 ||   109
       Dazzling Spray    |       |     2 ||     2
 Stab: Sleeping          |     4 |       ||     4
       Distracted        |     1 |       ||     1
       Invisible         |       |     1 ||     1
Armor: Robe              |    10 |     1 ||    11
Dodge: Dodged            |    97 |    21 ||   118
